 Dungeon Crawl Stone Soup version 0.30-a0-358-g0d69a1922f (webtiles) character file.

Game seed: 2159826222449472329

88 koil the Chopper (level 4, -9/38 HPs)
             Began as a Hill Orc Reaver on Nov 8, 2022.
             Mangled by a gnoll
             ... wielding a +0 halberd
              (11 damage)
             ... on level 3 of the Dungeon.
             The game lasted 00:05:28 (1531 turns).

koil the Chopper (Hill Orc Reaver)                  Turns: 1531, Time: 00:05:29

Health: -9/38      AC:  6    Str: 14    XL:     4   Next: 54%
Magic:  7/7        EV:  9    Int: 15    God:
Gold:   90         SH:  0    Dex: 13    Spells: 6/7 levels left

rFire   + . .      SeeInvis .    o - +5 whip "Beetle's Undoing" {holy, rN+ Dex+4}
rCold   . . .      Faith    .    (no shield)
rNeg    + + .      Spirit   .    j - +0 scale mail
rPois   .          Reflect  .    (no helmet)
rElec   .          Harm     .    (no cloak)
rCorr   .          Rampage  .    (no gloves)
Will    .....                    (no boots)
Stlth   ..........               n - amulet "Emufeoze" {RegenMP rF+}
HPRegen 0.26/turn                l - ring of positive energy
MPRegen 0.50/turn                (no ring)

@: mighty, brilliant, flying
A: no striking features
a: no special abilities


You were on level 3 of the Dungeon.
You visited 1 branch of the dungeon, and saw 3 of its levels.

You collected 90 gold pieces.

Inventory:

Hand Weapons
 a - a +0 hand axe
 o - the +5 whip "Beetle's Undoing" (weapon) {holy, rN+ Dex+4}
   (You found it on level 2 of the Dungeon)

   It has been blessed by the Shining One to cause great damage to the undead
   and demons.
   Dex:       It affects your dexterity (+4).
   rN:        It protects you from negative energy.
Missiles
 i - 5 boomerangs
 k - 2 poisoned darts
Armour
 b - a +0 leather armour
 j - a +0 scale mail (worn)
 p - the +0 robe of Hysteria {Int+3}
   (You found it on level 3 of the Dungeon)

   Int:       It affects your intelligence (+3).
Magical Staves
 d - a staff of fire
Jewellery
 l - a ring of positive energy (left hand)
 n - the amulet "Emufeoze" (around neck) {RegenMP rF+}
   (You found it on level 2 of the Dungeon)

   [amulet of magic regeneration]

   It increases your rate of magic regeneration.
   rF:        It protects you from fire.
 t - a ring of protection from fire
Scrolls
 e - 3 scrolls of identify {unknown}
 f - 2 scrolls of immolation {unknown}
 m - a scroll of vulnerability {unknown}
 q - 2 scrolls of noise {unknown}
 s - a scroll of fear {unknown}
Potions
 u - a potion of flight


   Skills:
 + Level 3.1 Fighting
 - Level 4.3(4.4) Axes
 + Level 0.8(2.3) Maces & Flails
 + Level 1.5 Armour
 + Level 2.1 Dodging
 + Level 2.0 Spellcasting
 + Level 3.4 Conjurations


You had 6 spell levels left.
You knew the following spells:

 Your Spells              Type           Power      Damage    Failure   Level
a - Kiss of Death         Conj/Necr      36%        2d8       43%         1

Your spell library contained the following spells:

 Spells                   Type           Power      Damage    Failure   Level
 Momentum Strike          Conj/Tloc      18%        3d8       58%         2
 Summon Small Mammal      Summ           8%         N/A       67%         1
 Hailstorm                Conj/Ice       9%         3d4       82%         3
 Call Canine Familiar     Summ           2%         N/A       96%         3
 Summon Guardian Golem    Hex/Summ       2%         N/A       96%         3
 Orb of Destruction       Conj           8%         9d6       100%        7
 Spellforged Servitor     Conj/Summ      4%         N/A       100%        7


Dungeon Overview and Level Annotations

Branches:
Dungeon (3/15)

Altars:
Zin


Message History

It was a potion of ambrosia.
You are confused.
You feel invigorated. Terence hits you with a +0 short sword.
* * * LOW HITPOINT WARNING * * *
It was a potion of brilliance.
You feel clever all of a sudden. Terence hits you with a +0 short sword.
* * * LOW HITPOINT WARNING * * *
It was a potion of curing.
You feel better.
You feel less invigorated.
The gnoll hits you from afar with a +0 halberd.
Terence hits you with a +0 short sword!
* * * LOW HITPOINT WARNING * * *
It was a potion of might.
You feel very mighty all of a sudden. The gnoll closely misses you.
Terence hits you with a +0 short sword.
* * * LOW HITPOINT WARNING * * *
You feel better. Terence hits you with a +0 short sword.
The gnoll hits you from afar with a +0 halberd.
It was a potion of flight.
You feel very buoyant.
You fly up into the air.
Terence hits you but does no damage. The gnoll closely misses you.
Okay, then.
You whack Terence!
Terence is moderately wounded.
Terence hits you with a +0 short sword. The gnoll barely misses you.
You whack Terence!
Terence is severely wounded.
The gnoll hits you from afar with a +0 halberd!
* * * LOW HITPOINT WARNING * * *
Terence bares his teeth.
Terence hits you but does no damage.
You hit Terence.
You kill Terence!
The gnoll hits you from afar with a +0 halberd.
* * * LOW HITPOINT WARNING * * *
You whack the gnoll!
The gnoll is severely wounded.
The gnoll hits you from afar with a +0 halberd!
You die...

#...#.#####
#####.....)....
......#......#
......†.)....#
........# ......#.##
..... #gg# #.## ##g# .
# #@## . #..# . ##.#
#. #.### #. #...#
###.# # ########.#
#).........
.........###..[.......
######...............


You could see 3 gnolls.

Vanquished Creatures
  Terence (D:3)
  2 adders (D:3)
  3 dart slugs
  An orc (D:3)
  7 endoplasms
  3 giant cockroaches
  3 goblins (D:3)
  3 hobgoblins
  2 quokkas
  2 bats
  2 frilled lizards
  4 kobolds
  5 rats
  4 plants (D:1)
42 creatures vanquished.

Notes
Turn   | Place    | Note
-------+----------+-------------------------------------------
     0 | D:1      | koil the Hill Orc Reaver began the quest for the Orb.
     0 | D:1      | Reached XP level 1. HP: 18/18 MP: 3/3
   143 | D:1      | Reached XP level 2. HP: 25/25 MP: 4/4
   783 | D:2      | Found a faded altar of an unknown god.
   796 | D:2      | Found a glowing silver altar of Zin.
   824 | D:2      | Reached XP level 3. HP: 11/30 MP: 5/5
   922 | D:2      | Reached skill level 1 in Armour
   976 | D:2      | Identified the amulet "Emufeoze" {RegenMP rF+}
  1043 | D:2      | Identified the +5 whip "Beetle's Undoing" {holy, rN+ Dex+4}
  1181 | D:3      | Identified the +0 robe of Hysteria {Int+3}
  1505 | D:3      | Noticed Terence
  1514 | D:3      | Reached XP level 4. HP: 21/38 MP: 6/6
  1520 | D:3      | HP: 4/38 [gnoll/+0 halberd (5)]
  1529 | D:3      | HP: 6/38 [gnoll/+0 halberd (7)]
  1530 | D:3      | Killed Terence
  1530 | D:3      | HP: 2/38 [gnoll/+0 halberd (4)]
  1531 | D:3      | Mangled by a gnoll

Illustrated notes

Levels and vault maps discovered:
D:1:      dpeg_arrival_rooms_with_view, layout_rooms, chequers_big_river,
          supply_closet_lemuel
D:2:      layout_rooms, basic_ecumenical_altar, basic_altar
D:3:      layout_rooms, ebering_ghost_reflecting_pool, uniq_terence

Skill      XL: |  1  2  3  4 |
---------------+-------------+-----
Armour         | 1 |  1.5
Dodging        | 2 |  2.1
Fighting       | 3 |  3.1
Spellcasting   | 2 |  2.0
Axes           | |  4.3
Maces & Flails | |  0.8
Conjurations   | |  3.4

Action                   |  1- 3 |  4- 6 || total
-------------------------+-------+-------++-------
Melee: Hand axe          |    79 |       ||    79
       Punch             |     2 |       ||     2
       Whip              |    49 |     7 ||    56
  Use: Potion            |       |     6 ||     6
Armor: Leather armour    |     9 |       ||     9
       Scale mail        |    42 |     6 ||    48
Dodge: Dodged            |    67 |     7 ||    74

Table legend: (Time is in decaauts)
 A = Elapsed time spent in this place.
 B = Non-inter-level travel time spent in this place.
 C = Inter-level travel time spent in this place.
 D = Time resting spent in this place.
 E = Time spent auto-exploring this place.
 F = Levels seen in this place.
 G = Mean time per level.
                   A        B        C        D        E       F      G
               +--------+--------+--------+--------+--------+-----+--------+
         Total |   1547 |   1467 |     80 |      0 |   1138 |   3 |  515.7 |
       Dungeon |   1547 |   1467 |     80 |      0 |   1138 |   3 |  515.7 |
               +--------+--------+--------+--------+--------+-----+--------+

Top non-repeatable levels by time:
     D:1: 707 daAuts
     D:2: 480 daAuts
     D:3: 360 daAuts
